 Dungeon Crawl Stone Soup version 0.30.0-29-ga12c61a403 (webtiles) character file.

Game seed: 9246037379462114729

1157 monsoonserge the Cutter (level 8, -4/62 (69) HPs)
             Began as a Meteoran Monk on June 8, 2023.
             Was a Priest of the Shining One.
             Slain by a wight
             ... wielding a +1 great sword
              (7 damage)
             ... on level 7 of the Dungeon.
             The game lasted 00:18:23 (2487 turns).

monsoonserge the Cutter (Meteoran Monk)             Turns: 2487, Time: 00:18:25

HP:   -4/62 (69)    AC: 14    Str: 13    XL:     8   Next: 98%
MP:   12/12         EV:  5    Int: 12    God:    the Shining One [***...]
Gold: 245           SH:  0    Dex: 18    Spells: 7/7 levels left

rFire   . . .        F - +0 great sword
rCold   . . .        (shield currently unavailable)
rNeg    + . .        I - +0 plate armour
rPois   .            D - +0 helmet
rElec   .            E - +0 cloak
rCorr   .            (no gloves)
SInv    .            (no boots)
Will    +....        (no amulet) Stlth
                     (no ring)
HPRegen 0.30/turn    (no ring)
MPRegen 0.13/turn

%: no passive effects
@: glowing, heavily drained
A: sense surroundings 1, otherworldly, glowing, explore regen, hooves 1,
MP-powered wands
a: Renounce Religion, Divine Shield, Cleansing Flame


You were on level 7 of the Dungeon.
You worshipped the Shining One.
The Shining One was most pleased with you.
You visited 1 branch of the dungeon, and saw 7 of its levels.

You collected 245 gold pieces.

Inventory:

Hand Weapons
 a - a +0 falchion
 c - a +2 dagger of venom
 j - a +0 long sword
 o - a +1 short sword of protection
 F - a +0 great sword (weapon)
Missiles
 x - 2 poisoned darts (quivered)
 B - a silver boomerang
Armour
 b - a +0 robe
 d - an orb of light
 i - a +0 scale mail
 m - a +0 ring mail
 D - a +0 helmet (worn)
 E - a +0 cloak (worn)
 I - a +0 plate armour (worn)
Magical Staves
 t - a staff of air
Wands
 q - a wand of charming (10)
 v - a wand of flame (14)
 H - a wand of light (10)
Scrolls
 e - 2 scrolls of blinking {unknown}
 g - 3 scrolls of teleportation {unknown}
 h - 8 scrolls of identify {unknown}
 k - 3 scrolls of amnesia {unknown}
 l - 3 scrolls of poison {unknown}
 n - a scroll of magic mapping {unknown}
 u - a scroll of silence {unknown}
 y - 2 scrolls of enchant armour {unknown}
 A - a scroll of fog {unknown}
 C - 2 scrolls of summoning {unknown}
 G - a scroll of enchant weapon {unknown}
Potions
 f - 4 potions of brilliance
 r - a potion of degeneration
 s - 2 potions of curing
 w - a potion of magic {unknown}
 z - a potion of haste {unknown}


   Skills:
 + Level 5.4 Fighting
 + Level 5.7(6.5) Short Blades
 + Level 5.2(6.6) Long Blades
 + Level 0.9 Throwing
 + Level 4.4 Armour
 + Level 5.3 Dodging
 - Level 4.0 Invocations
 + Level 0.1 Evocations


You had 7 spell levels left.
You didn't know any spells.
Your spell library contained the following spells:

 Spells                   Type           Power      Damage    Failure   Level
 Slow                     Hex            0%         N/A       100%        1
 Confusing Touch          Hex            0%         N/A       100%        3
 Vampiric Draining        Necr           0%         2d6       100%        3


Dungeon Overview and Level Annotations

Branches:
Dungeon (7/15) Zot: 1748   Temple (0/1) D:6

Altars:
Makhleb
Okawaru
The Shining One

Shops:
D:6 [


Innate Abilities, Weirdness & Mutations

You passively map a small area around you.
You are easily found by Zot.
You glow in the dark.
You regain HP and MP as you explore.
You have large cloven feet.
You expend magic power (3 MP) to strengthen your wands.


Message History

Okay, then.
You slash the wight!
The wight is almost destroyed.
The wight hits you but does no damage. x2
You slash the wight!
You destroy the wight!
The Shining One accepts your kill.
A sky beast comes into view.
You slash the wight!
The wight is severely damaged.
The wight hits you with a +1 great sword!
You partially resist.
You feel drained.
You barely miss the wight.
The wight is severely damaged.
The sky beast flickers out of sight!
Deactivating autopickup; reactivate with Ctrl-A.
The wight hits you but does no damage.
The wight hits you with a +1 great sword!
You partially resist.
You feel drained.
You hit the wight.
The wight is severely damaged.
A kobold demonologist comes into view. It is wielding a +0 spear.
The wight hits you with a +1 great sword!
* * * LOW HITPOINT WARNING * * *
You partially resist.
You feel drained.
* * * LOW HITPOINT WARNING * * *
Okay, then.
You fail to use your ability.
The sentinel's mark upon you fades away.
The wight hits you with a +1 great sword!
* * * LOW HITPOINT WARNING * * *
You partially resist.
You feel drained.
* * * LOW HITPOINT WARNING * * *
It was a potion of mutation.
You feel extremely strange.
You feel your magical essence link to the dungeon's wands.
Your feet thicken and deform.
A wight comes into view. It is wielding a +4 dagger.
The kobold demonologist gestures wildly while chanting.
The wight hits you with a +1 great sword!
You die...

* , #.# #.# ,
#.# #.# , , #.#
#.# * * #.# #.#
,*,#.# #.# #.#
#.# #<# #.#
zK.########.###
,#.Yzzz@).....#
#.############
*, *,* * ,, *


You could see a kobold demonologist, an ice beast and 4 wights.

Vanquished Creatures
  A steam dragon (D:6)
  Duvessa (D:5)
  An ice beast (D:6)
  A centaur (D:6)
  A phantom (D:5)
  2 scorpions
  2 wights (D:7)
  Dowan (D:5)
  A howler monkey (D:6)
  A hound (D:6)
  An iguana (D:6)
  6 orc wizards
  Robin (D:3)
  6 adders
  4 worms
  2 dart slugs
  18 orcs
  5 bats
  7 endoplasms
  A giant cockroach (D:4)
  9 goblins
  7 hobgoblins
  4 jackals (D:1)
  3 quokkas
  6 ball pythons
  A frilled lizard (D:2)
  3 kobolds
  4 rats
100 creatures vanquished.

Notes
Turn   | Place    | Note
-------+----------+-------------------------------------------
     0 | D:1      | monsoonserge the Meteoran Monk began the quest for the Orb.
     0 | D:1      | Reached XP level 1. HP: 19/19 MP: 2/2
    55 | D:1      | Reached XP level 2. HP: 20/26 MP: 3/3
   306 | D:1      | Reached XP level 3. HP: 18/33 MP: 4/4
   539 | D:2      | Reached XP level 4. HP: 40/40 MP: 5/5
   803 | D:3      | Found a faded altar of an unknown god.
   811 | D:3      | Prayed at the altar of an unknown god.
   811 | D:3      | Became a worshipper of the Shining One
   811 | D:3      | Reached * piety under the Shining One
   811 | D:3      | Reached ** piety under the Shining One
   824 | D:3      | Noticed Robin
   828 | D:3      | Reached *** piety under the Shining One
   858 | D:3      | Killed Robin
   859 | D:3      | Reached skill level 1 in Short Blades
   859 | D:3      | Reached XP level 5. HP: 29/46 MP: 6/6
   968 | D:3      | Reached skill level 1 in Armour
  1191 | D:4      | Reached skill level 1 in Invocations
  1191 | D:4      | Reached XP level 6. HP: 52/52 MP: 6/8
  1222 | D:4      | Found an iron altar of Okawaru.
  1492 | D:5      | Entered Level 5 of the Dungeon
  1675 | D:5      | Reached XP level 7. HP: 46/60 MP: 9/9
  1860 | D:5      | Noticed Duvessa
  1860 | D:5      | Noticed Dowan
  1878 | D:5      | Killed Duvessa
  1890 | D:5      | Killed Dowan
  1891 | D:5      | Reached skill level 5 in Fighting
  2066 | D:6      | Found a staircase to the Ecumenical Temple.
  2077 | D:6      | Reached XP level 8. HP: 59/68 MP: 11/11
  2079 | D:6      | Reached skill level 5 in Dodging
  2080 | D:6      | Noticed a steam dragon
  2098 | D:6      | Killed a steam dragon
  2099 | D:6      | Reached skill level 5 in Short Blades
  2213 | D:6      | Found a burning altar of Makhleb.
  2397 | D:6      | Found Xinna's Antique Armour Emporium.
  2406 | D:6      | Noticed a cyclops
  2480 | D:7      | Reached skill level 5 in Long Blades
  2485 | D:7      | Noticed a kobold demonologist
  2486 | D:7      | HP: 3/63 [wight/+1 great sword (7)]
  2487 | D:7      | Gained mutation: You expend magic power (3 MP) to
                  | strengthen your wands. [potion of mutation]
  2487 | D:7      | Gained mutation: You have large cloven feet. [potion of
                  | mutation]
  2487 | D:7      | Slain by a wight

Illustrated notes

Levels and vault maps discovered:
D:1:      wander_arrival_estate, layout_loops_ring
D:2:      layout_basic, minmay_3d_cube
D:3:      layout_basic, shapermc_ecumenical_altar_venn, minmay_close_crescents,
          uniq_robin
D:4:      layout_gridville, lemuel_round_altar
D:5:      dreamdust_elfheim, layout_loops_ring
D:6:      layout_basic, makhleb_heckhound_becter,
          minmay_temple_entry_sparse_star, nicolae_inconvenience_store
D:7:      layout_basic, enter_ossuary_2, uniq_duvessa

Skill      XL: |  1  2  3  4  5  6  7  8 |
---------------+-------------------------+-----
Long Blades    | 4 5 |  5.2
Dodging        | 4 5 |  5.3
Fighting       | 4 5 |  5.4
Short Blades   | 1 2 3 4 5 |  5.7
Armour         | 1 2 4 |  4.4
Invocations    | 1 2 3 4 |  4.0
Throwing       | |  0.9
Evocations     | |  0.1

Action                     |  1- 3 |  4- 6 |  7- 9 || total
---------------------------+-------+-------+-------++-------
  Melee: Falchion          |    29 |       |       ||    29
         Long sword        |    24 |       |       ||    24
         Short sword       |    11 |   194 |       ||   205
         Dagger            |       |    14 |    82 ||    96
         Great sword       |       |       |    33 ||    33
  Throw: Dart              |       |     2 |     4 ||     6
 Invoke: Divine Shield     |       |       |     1 ||     1
  Evoke: Wand              |       |       |     3 ||     3
    Use: Potion            |       |     1 |     4 ||     5
 Armour: Robe              |     3 |       |       ||     3
         Scale mail        |    21 |    94 |    34 ||   149
         Plate armour      |       |       |    19 ||    19
  Dodge: Dodged            |    34 |    49 |    32 ||   115
  Block: Orb               |       |       |     7 ||     7
